 Dungeon Crawl Stone Soup version 0.29.1-2-gbd0b4ee654 (webtiles) character file.

Game seed: 16480486845251089837

747 xian the Skirmisher (level 7, -4/43 HPs)
             Began as a Tengu Hunter on Nov 2, 2022.
             Killed from afar by Maggie (19 damage)
             ... with a bolt of fire
             ... on level 6 of the Dungeon.
             The game lasted 00:06:50 (4107 turns).

xian the Skirmisher (Tengu Hunter)                  Turns: 4107, Time: 00:06:50

Health: -4/43      AC:  5    Str: 13    XL:     7   Next: 77%
Magic:  8/8        EV: 15    Int: 10    God:
Gold:   228        SH:  0    Dex: 17    Spells: 6/6 levels left

rFire   . . .      SeeInvis .   a - +0 shortbow
rCold   . . .      Faith    .   (shield currently unavailable)
rNeg    + . .      Spirit   .   l - +2 robe {rN+}
rPois   .          Reflect  .   (helmet restricted)
rElec   .          Harm     .   (no cloak)
rCorr   +          Rampage  .   p - +0 pair of gloves
Will    .....                   (boots unavailable)
Stlth   ++........              (no amulet)
HPRegen 0.14/turn               k - ring of resist corrosion
MPRegen 0.11/turn               (no ring)

@: flying quickly and evasively, quick
A: beak, talons 3, nimble flight
a: no special abilities


You were on level 6 of the Dungeon.
You visited 1 branch of the dungeon, and saw 6 of its levels.

You collected 228 gold pieces.

Inventory:

Hand Weapons
 a - a +0 shortbow (weapon)
 h - a +0 rapier
Armour
 g - a +0 chain mail
 l - a +2 robe of positive energy (worn)
 p - a +0 pair of gloves (worn)
Magical Staves
 c - a staff of conjuration
Jewellery
 k - a ring of resist corrosion (left hand)
Wands
 q - a wand of quicksilver (10)
 t - a wand of mindburst (15)
Scrolls
 b - 4 scrolls of immolation
 f - a scroll of teleportation
 s - 2 scrolls of identify
Potions
 d - a potion of berserk rage {unknown}
 e - a potion of invisibility {unknown}
 i - 3 potions of curing {unknown}
 j - 2 potions of heal wounds {unknown}
 m - 2 potions of ambrosia {unknown}
 n - a potion of flight {unknown}
 o - a potion of resistance {unknown}
 u - a potion of mutation {unknown}


   Skills:
 + Level 4.0 Fighting
 + Level 8.9 Ranged Weapons
 + Level 0.5 Armour
 + Level 3.0 Dodging
 + Level 1.7 Stealth


You had 6 spell levels left.
You didn't know any spells.
Your spell library contained the following spells:

 Spells                   Type           Power      Damage    Failure   Level
 Shock                    Conj/Air       0%         1d3       36%         1
 Swiftness                Air            0%         N/A       75%         3
 Airstrike                Air            0%         2d(0-16)  98%         4


Dungeon Overview and Level Annotations

Branches:
Dungeon (6/15)             Temple (0/1) D:6

Altars:
Zin
The Shining One

Shops:
D:1 (   D:4 *

Annotations:
D:4 ice magic invocations
D:6 Maggie


Innate Abilities, Weirdness & Mutations

You have a beak for a mouth.
You have claws for feet.
Your magical nature lets you fly swiftly and evasively.


Message History

Maggie attempts to bespell you! You resist with some effort.
Maggie mumbles some strange words.
Maggie attempts to bespell you!
You are mesmerised by Maggie!
You shoot an arrow. The arrow hits Maggie.
Maggie is lightly wounded.
You shoot an arrow. The arrow closely misses Maggie.
Maggie closely misses you.
You shoot an arrow. The arrow barely misses Maggie.
Maggie mumbles some strange words.
Maggie draws you further into her thrall.
You shoot an arrow. The arrow barely misses Maggie.
Maggie hits you with a +0 long sword!
You shoot an arrow. The arrow hits Maggie.
Maggie is moderately wounded.
Maggie hits you with a +0 long sword.
You shoot an arrow. The arrow closely misses Maggie.
Maggie barely misses you.
You shoot an arrow. The arrow closely misses Maggie.
Maggie casts a spell at you. The bolt of fire hits you!
You are too injured to fight recklessly!
You are too injured to fight recklessly!
You are too injured to fight recklessly!
You are too injured to fight recklessly!
You are too injured to fight recklessly!
Your magical effects are unravelling.
You feel magically purged.
You break out of your daze.
Maggie casts a spell.
Maggie attempts to bespell you! You resist.
Fire: a) +0 shortbow
Press: ? - help, Q - select action, (/) - cycle Shift-Dir - straight line, f/p - Maggie
Aim: Maggie, wielding a +0 long sword and wearing +0 acid dragon scales (moderately wounded, 66% to hit)
You shoot an arrow.
The arrow hits Maggie but does no damage.
Maggie is moderately wounded.
Maggie hits you with a +0 long sword.
Unknown command.
Maggie casts a spell at you. The bolt of fire hits you!!
You die...

.. .#..#####
........#
########@#
.........#
....######@.#
............#
.....####...#
...........##
.##...##...###
#..........#
#...####....#
#...........#
#..######...#


You could see Maggie.

Vanquished Creatures
  2 ice beasts (D:5)
  An ogre (D:5)
  A jelly (D:5)
  A necrophage (D:5)
  3 hounds
  3 iguanas
  9 adders
  A white imp (D:5)
  An ufetubus (D:5)
  4 worms
  4 dart slugs
  7 orcs
  9 ball pythons
  8 endoplasms
  4 giant cockroaches
  8 goblins
  5 hobgoblins
  2 jackals (D:5)
  4 quokkas
  6 bats
  5 frilled lizards
  4 kobolds
  5 rats
97 creatures vanquished.

Notes
Turn   | Place    | Note
-------+----------+-------------------------------------------
     0 | D:1      | xian the Tengu Hunter began the quest for the Orb.
     0 | D:1      | Reached XP level 1. HP: 12/12 MP: 2/2
   130 | D:1      | Found Malipuk's Antique Weapon Boutique.
   177 | D:1      | Reached XP level 2. HP: 17/17 MP: 3/3
   613 | D:1      | Reached skill level 5 in Ranged Weapons
   801 | D:2      | Reached XP level 3. HP: 17/21 MP: 4/4
  1029 | D:2      | Reached XP level 4. HP: 25/26 MP: 5/5
  1189 | D:2      | Found a glowing golden altar of the Shining One.
  1607 | D:3      | Found a glowing silver altar of Zin.
  1707 | D:3      | Reached skill level 6 in Ranged Weapons
  1955 | D:3      | Gained mutation: Your magical nature lets you fly swiftly
                  | and evasively. [Tengu growth]
  1955 | D:3      | Reached XP level 5. HP: 32/32 MP: 6/6
  2801 | D:4      | Reached skill level 7 in Ranged Weapons
  2807 | D:4      | Found Iinapn's Incredible Inventory.
  2824 | D:4      | Reached XP level 6. HP: 34/36 MP: 7/7
  2999 | D:5      | Entered Level 5 of the Dungeon
  3347 | D:5      | Reached skill level 8 in Ranged Weapons
  3347 | D:5      | Reached XP level 7. HP: 41/41 MP: 8/8
  4035 | D:6      | Found a staircase to the Ecumenical Temple.
  4093 | D:6      | Noticed Maggie
  4107 | D:6      | Killed from afar by Maggie

Illustrated notes

Levels and vault maps discovered:
D:1:      psy_arrival_basics, layout_basic, serial_shops,
          nicolae_shop_temple_entry_statues_fountains
D:2:      layout_rooms, basic_altar, minmay_misc_feat_rugged
D:3:      layout_basic, old_standard_altar, grunt_ministairs_1
D:4:      layout_cave_pods, nicolae_alphabet_shops
D:5:      layout_basic, reono_crystal_passage, kennysheep_generic_room_14
D:6:      layout_cave_pods, lemuel_tele_altar,
          minmay_temple_entry_gardened_gates, gammafunk_ghost_cemetery,
          hangedman_glass_teeth, minmay_misc_feat_more_columns,
          dk_noncrumbling_2, uniq_pikel, uniq_maggie

Skill      XL: |  1  2  3  4  5  6  7 |
---------------+----------------------+-----
Ranged Weapons | 5 6 7 8 |  8.9
Fighting       | 3 4 |  4.0
Dodging        | 3 |  3.0
Armour         | |  0.5
Stealth        | |  1.7

Action                   |  1- 3 |  4- 6 |  7- 9 || total
-------------------------+-------+-------+-------++-------
 Fire: Shortbow          |    80 |   199 |    61 ||   340
  Use: Scroll            |       |     5 |       ||     5
       Potion            |       |       |     1 ||     1
Armor: Leather armour    |    10 |     2 |       ||    12
       Robe              |       |    18 |     5 ||    23
Dodge: Dodged            |    23 |    65 |    18 ||   106
